 Dungeon Crawl Stone Soup version 0.19.4 (webtiles) character file.

47 Jerry the Gusty (level 3, -3/29 HPs)
             Began as a Demigod Air Elementalist on Jan 31, 2017.
             Killed from afar by Terence (4 damage)
             ... with a wand of flame
             ... on level 2 of the Dungeon.
             The game lasted 00:05:21 (1493 turns).

Jerry the Gusty (Demigod Air Elementalist)          Turns: 1493, Time: 00:05:21

Health: -3/29      AC:  6    Str: 13    XL:     3   Next: 29%
Magic:  8/8        EV: 11    Int: 19    God:
Gold:   103        SH:  0    Dex: 16    Spells: 1 memorised, 4 levels left

rFire  . . .     SeeInvis .     j - +1 hunting sling (velocity)
rCold  . . .     Gourm    .     l - +0 ring mail
rNeg   . . .     Faith    .     (no shield)
rPois  .         Spirit   .     (no helmet)
rElec  .         Reflect  .     i - +0 cloak
rCorr  .         Harm     .     (no gloves)
MR     .....                    (no boots)
Stlth  +.........               (no amulet)
                                (no ring)
                                (no ring)

@: no status effects
A: high mp 1
a: no special abilities


You were on level 2 of the Dungeon.
You were not hungry.

You visited 1 branch of the dungeon, and saw 2 of its levels.

You collected 103 gold pieces.

Inventory:

Hand Weapons
 j - a +1 hunting sling of velocity (weapon)
 o - a +0 dagger of protection
Missiles
 r - 36 stones (quivered)
Armour
 i - a +0 cloak (worn)
 l - a +0 ring mail (worn)
Scrolls
 e - 2 scrolls of noise {unknown}
 f - a scroll of immolation {unknown}
 g - 3 scrolls of blinking {unknown}
 m - a scroll of magic mapping {unknown}
 n - 3 scrolls of identify {unknown}
 p - a scroll of enchant armour {unknown}
 q - a scroll of recharging {unknown}
 s - a scroll of amnesia {unknown}
Potions
 a - a potion of brilliance {unknown}
 d - 3 potions of heal wounds {unknown}
 k - a potion of degeneration {unknown}
Books
 b - a book of Air

   Spells                             Type                      Level
   a - Shock                          Conjuration/Air              1
   b - Swiftness                      Charms/Air                   2
   c - Repel Missiles                 Charms/Air                   2
   d - Static Discharge               Conjuration/Air              3
   e - Lightning Bolt                 Conjuration/Air              5
Comestibles
 c - 3 bread rations
 h - a meat ration
 t - 2 chunks of flesh


   Skills:
 + Level 2.0 Fighting
 + Level 1.7 Armour
 - Level 1.7 Dodging
 - Level 1.7 Stealth
 - Level 1.7 Spellcasting
 - Level 0.8 Conjurations
 - Level 2.6 Air Magic


You had 4 spell levels left.
You knew the following spells:

 Your Spells              Type           Power        Failure   Level  Hunger
a - Shock                 Conj/Air       #...         21%         1    #......


Dungeon Overview and Level Annotations

Branches:
Dungeon (2/15)

Annotations:
D:2 Terence


Innate Abilities, Weirdness & Mutations

You have an increased reservoir of magic. (+10% MP)


Message History

The stone hits Terence but does no damage.
Terence is severely wounded.
Terence zaps a wand.
The puff of flame hits you!
Firing (i - inventory):
r - 38 stones (quivered)
Press: ? - help, Shift-Dir - straight line, f/p - Terence
Aim: Terence, wielding a flail of protection, wearing a scale mail and carrying a wand of flame {zapped: 3} (severely wounded)
You shoot a stone. The stone hits Terence.
Terence is almost dead.
Terence zaps a wand.
The puff of flame hits you! Terence barely misses you.
Firing (i - inventory):
r - 37 stones (quivered)
Press: ? - help, Shift-Dir - straight line, f/p - Terence
Aim: Terence, wielding a flail of protection, wearing a scale mail and carrying a wand of flame {zapped: 4} (almost dead)
You shoot a stone.
The stone hits Terence but does no damage.
Terence is almost dead.
Terence zaps a wand.
The puff of flame hits you!
* * * LOW HITPOINT WARNING * * *
You are too injured to fight recklessly!
Terence zaps a wand.
The puff of flame hits you!
You die...

#........# #.# ##.# #.
#..#####.# #.###...# #.
#..# #.# #<##.....##.
#..# #.# #......(....
##.# #.####..#........
#.#####...(............
#....).................
######.############....
#@# #.... #.# #.... #@#
#.... #(# ##### #(# #(#
#(# #(# ...


You could see Terence.

Vanquished Creatures
  An adder (D:2)
  A worm (D:2)
  3 leopard geckos
  6 bats
  3 giant cockroaches (D:1)
  4 goblins
  4 hobgoblins
  A kobold (D:1)
  A quokka (D:2)
  3 frilled lizards
  2 rats (D:1)
29 creatures vanquished.

Notes
Turn   | Place    | Note
-------+----------+-------------------------------------------
     0 | D:1      | Jerry the Demigod Air Elementalist began the quest for the Orb.
     0 | D:1      | Reached XP level 1. HP: 14/14 MP: 5/5
   333 | D:1      | Reached skill level 1 in Armour
   336 | D:1      | Reached skill level 1 in Fighting
   426 | D:1      | Reached XP level 2. HP: 23/23 MP: 4/7
  1381 | D:2      | Reached XP level 3. HP: 29/29 MP: 8/8
  1481 | D:2      | Noticed Terence
  1492 | D:2      | HP: 1/29 [Terence/wand of flame (10)]
  1493 | D:2      | Killed from afar by Terence

Skill      XL: |  1  2  3 |
---------------+----------+-----
Armour         | 1 |  1.7
Fighting       | 1 2 |  2.0
Dodging        | |  1.7
Stealth        | |  1.7
Spellcasting   | |  1.7
Conjurations   | |  0.8
Air Magic      | |  2.6

Action                   || total
-------------------------++-------
Melee: Dagger            ||    99
 Fire: Hunting sling     ||    30
 Cast: Shock             ||    24
  Eat: Chunk             ||     2
Armor: Ring mail         ||    69
Dodge: Dodged            ||    72
